PCL
SPOKANE TRAPPERS @ WALLA WALLA ALL-STARS
09/07/2023
 
TOP OF THE 1ST
Spokane Trappers batting - Pitching for Walla Walla All-Stars : RHP William Tagg
Pitching: RHP William Tagg
Batting: LHB Keith Browne 0-0: Foul Ball, location: 2F
0-1: Ball
1-1: Swinging Strike
1-2: Fly out, F7 (Flyball, 7LM)
Batting: RHB Hyo-sang Yu 0-0: Ground out 6-3 (Groundball, 6)
Batting: LHB Juan Cortés 0-0: Called Strike
0-1: Ball
1-1: Foul Ball, location: 2F
1-2: Ball
2-2: Ball
3-2: Base on Balls
Batting: RHB Ernesto Acosta 0-0: Ball
1-0: Called Strike
1-1: Called Strike
1-2: Fly out, F9 (Line Drive, 9S)
Top of the 1st over - 0 run(s), 0 hit(s), 0 error(s), 1 left on base; Spokane 0 - Walla Walla 0
BOTTOM OF THE 1ST
Walla Walla All-Stars batting - Pitching for Spokane Trappers : RHP Edgardo Martínez
Pitching: RHP Edgardo Martínez
Batting: LHB Mike Young 0-0: Ball
1-0: Foul Ball, location: 2F
1-1: Ball
2-1: Ground out 5-3 (Groundball, 5)
Batting: RHB Pablo Lucero 0-0: Ball
1-0: Swinging Strike
1-1: Foul Ball, location: 2F
1-2: Strikes out swinging
Batting: RHB Lorenzo Morín 0-0: Swinging Strike
0-1: Called Strike
0-2: Ground out U3 (Groundball, 3S)
Bottom of the 1st over - 0 run(s), 0 hit(s), 0 error(s), 0 left on base; Spokane 0 - Walla Walla 0
TOP OF THE 2ND
Spokane Trappers batting - Pitching for Walla Walla All-Stars : RHP William Tagg
Batting: RHB Clyde Kelley 0-0: Ground out 6-3 (Groundball, 6M)
Batting: RHB Mario Hernández 0-0: Swinging Strike
0-1: Ball
1-1: Ball
2-1: Swinging Strike
2-2: Ball
3-2: Base on Balls
Batting: RHB Toru Nakanishi 0-0: Ball
1-0: Foul Ball, location: 2F
1-1: Ball
2-1: Swinging Strike
2-2: Ball
3-2: Ground out 5-3 (Groundball, 56S)
Mario Hernández to second
Batting: LHB Pete Carter 0-0: Called Strike
0-1: Foul Ball, location: 2F
0-2: Foul Ball, location: 2F
0-2: 2-RUN HOME RUN (Line Drive, 9D), Distance : 384 ft
Batting: RHB Guy Miller 0-0: Foul Ball, location: 2F
0-1: Swinging Strike
0-2: Ball
1-2: Ground out 1-3 (Groundball, 13S)
Top of the 2nd over - 2 run(s), 1 hit(s), 0 error(s), 0 left on base; Spokane 2 - Walla Walla 0
BOTTOM OF THE 2ND
Walla Walla All-Stars batting - Pitching for Spokane Trappers : RHP Edgardo Martínez
Batting: RHB Claudio Guerra 0-0: Called Strike
0-1: Fly out, F3 (Line Drive, 3)
Batting: SHB Clinton Watson 0-0: Ball
1-0: Called Strike
1-1: Swinging Strike
1-2: Ball
2-2: Ball
3-2: Ground out 2-3 (Groundball, 23)
Batting: RHB Daniel Guerrero 0-0: Fly out, F7 (Line Drive, 7M)
Bottom of the 2nd over - 0 run(s), 0 hit(s), 0 error(s), 0 left on base; Spokane 2 - Walla Walla 0
TOP OF THE 3RD
Spokane Trappers batting - Pitching for Walla Walla All-Stars : RHP William Tagg
Batting: LHB Keith Browne 0-0: Foul Ball, location: 2F
0-1: SINGLE (Groundball, 6MD)
Batting: RHB Hyo-sang Yu 0-0: Ball
1-0: Foul Ball, location: 2F
1-1: Ball
Passed Ball!
Keith Browne to second
2-1: Ball
3-1: Swinging Strike
3-2: Base on Balls
Batting: LHB Juan Cortés 0-0: Swinging Strike
0-1: Called Strike
0-2: Ball
1-2: Strikes out swinging
Batting: RHB Ernesto Acosta 0-0: Ball
1-0: Called Strike
1-1: Foul Ball, location: 2F
1-2: Ground out 4-3 (Groundball, 13)
Keith Browne to third
Hyo-sang Yu to second
Batting: RHB Clyde Kelley 0-0: Ball
1-0: Foul Ball, location: 2F
1-1: Foul Ball, location: 2F
1-2: Ball
2-2: Ground out 4-3 (Groundball, 4)
Top of the 3rd over - 0 run(s), 1 hit(s), 0 error(s), 2 left on base; Spokane 2 - Walla Walla 0
BOTTOM OF THE 3RD
Walla Walla All-Stars batting - Pitching for Spokane Trappers : RHP Edgardo Martínez
Batting: RHB Santiago Vallés 0-0: Ball
1-0: Ball
2-0: Swinging Strike
2-1: Swinging Strike
2-2: Foul Ball, location: 2F
2-2: Strikes out swinging
Batting: RHB Pablo Castillo 0-0: Swinging Strike
0-1: Called Strike
0-2: Ground out 5-3 (Groundball, 5)
Batting: LHB Bob Martin 0-0: Ball
1-0: Ball
2-0: Ground out 4-3 (Groundball, 4)
Bottom of the 3rd over - 0 run(s), 0 hit(s), 0 error(s), 0 left on base; Spokane 2 - Walla Walla 0
TOP OF THE 4TH
Spokane Trappers batting - Pitching for Walla Walla All-Stars : RHP William Tagg
Batting: RHB Mario Hernández 0-0: Called Strike
0-1: Ball
1-1: Called Strike
1-2: Ball
2-2: Foul Ball, location: 2F
2-2: Ball
3-2: DOUBLE (Line Drive, 9LS)
Batting: RHB Toru Nakanishi 0-0: Called Strike
0-1: Ball
1-1: Called Strike
1-2: DOUBLE (Flyball, 7D)
Mario Hernández scores
Batting: LHB Pete Carter 0-0: Called Strike
0-1: Ground out 6-3 (Groundball, 6M)
Toru Nakanishi to third
Batting: RHB Guy Miller 0-0: Ball
1-0: Ball
2-0: Ball
3-0: Base on Balls
Batting: LHB Keith Browne 0-0: Called Strike
0-1: SINGLE (Line Drive, 6MD)
Toru Nakanishi scores
Guy Miller to second
Batting: RHB Hyo-sang Yu 0-0: Foul Ball, location: 2F
0-1: Ball
1-1: Ball
2-1: Called Strike
2-2: Ball
3-2: Base on Balls
Guy Miller to third
Keith Browne to second
Batting: LHB Juan Cortés 0-0: Ground out 3-1 (Groundball, 34)
Guy Miller scores
Keith Browne to third
Hyo-sang Yu to second
Batting: RHB Ernesto Acosta 0-0: Foul Ball, location: 2F
0-1: Ball
1-1: Ground out 5-3 (Groundball, 5L)
Top of the 4th over - 3 run(s), 3 hit(s), 0 error(s), 2 left on base; Spokane 5 - Walla Walla 0
BOTTOM OF THE 4TH
Walla Walla All-Stars batting - Pitching for Spokane Trappers : RHP Edgardo Martínez
Batting: LHB Mike Young 0-0: Ground out 3-1 (Groundball, 3L)
Batting: RHB Pablo Lucero 0-0: Fly out, F7 (Flyball, 78S)
Batting: RHB Lorenzo Morín 0-0: Foul Ball, location: 2F
0-1: Ball
1-1: Fly out, F8 (Flyball, 8RD)
Bottom of the 4th over - 0 run(s), 0 hit(s), 0 error(s), 0 left on base; Spokane 5 - Walla Walla 0
TOP OF THE 5TH
Spokane Trappers batting - Pitching for Walla Walla All-Stars : RHP William Tagg
Batting: RHB Clyde Kelley 0-0: Called Strike
0-1: Ball
1-1: Foul Ball, location: 2F
1-2: Ball
2-2: Strikes out looking
Batting: RHB Mario Hernández 0-0: Ball
1-0: Ball
2-0: SINGLE (Line Drive, 8LS)
Batting: RHB Toru Nakanishi 0-0: Ball
1-0: DOUBLE (Line Drive, 7LS)
Mario Hernández to third
Batting: LHB Pete Carter 0-0: Ball
1-0: Ball
2-0: Called Strike
2-1: Ground out 6-3 (Groundball, 6M)
Mario Hernández scores
Toru Nakanishi to third
Pitching: RHP Carlos Hendrix
Batting: RHB Guy Miller 0-0: Ball
1-0: Ball
2-0: Called Strike
2-1: Fly out, F3 (Popup, 34)
Top of the 5th over - 1 run(s), 2 hit(s), 0 error(s), 1 left on base; Spokane 6 - Walla Walla 0
BOTTOM OF THE 5TH
Walla Walla All-Stars batting - Pitching for Spokane Trappers : RHP Edgardo Martínez
Batting: RHB Claudio Guerra 0-0: Ball
1-0: Called Strike
1-1: Called Strike
1-2: Foul Ball, location: 2F
1-2: Ball
2-2: Ball
3-2: Fly out, F9 (Flyball, 9M)
Batting: SHB Clinton Watson 0-0: Ball
1-0: Called Strike
1-1: Ball
2-1: Foul Ball, location: 2F
2-2: Ball
3-2: Base on Balls
Batting: RHB Daniel Guerrero 0-0: Called Strike
0-1: Ball
1-1: Ball
2-1: Ball
3-1: Base on Balls
Clinton Watson to second
Batting: RHB Santiago Vallés 0-0: Ball
1-0: Called Strike
1-1: Foul Ball, location: 2F
1-2: Strikes out looking
Batting: RHB Pablo Castillo 0-0: Swinging Strike
0-1: Ground out 5-3 (Groundball, 56S)
Bottom of the 5th over - 0 run(s), 0 hit(s), 0 error(s), 2 left on base; Spokane 6 - Walla Walla 0
TOP OF THE 6TH
Spokane Trappers batting - Pitching for Walla Walla All-Stars : RHP Carlos Hendrix
Batting: LHB Keith Browne 0-0: Ball
1-0: Ball
2-0: Ball
3-0: Base on Balls
Batting: RHB Hyo-sang Yu 0-0: Ball
1-0: Ball
2-0: Ball
3-0: Base on Balls
Keith Browne to second
Batting: LHB Juan Cortés 0-0: Foul Ball, location: 2F
0-1: Grounds into double play, U6-3 (Groundball, 6)
Keith Browne to third
Batting: RHB Ernesto Acosta 0-0: Swinging Strike
0-1: Foul Ball, location: 2F
0-2: Strikes out swinging
Top of the 6th over - 0 run(s), 0 hit(s), 0 error(s), 1 left on base; Spokane 6 - Walla Walla 0
BOTTOM OF THE 6TH
Walla Walla All-Stars batting - Pitching for Spokane Trappers : RHP Edgardo Martínez
Batting: LHB Bob Martin 0-0: Fly out, F8 (Flyball, 8LM)
Batting: LHB Mike Young 0-0: Swinging Strike
0-1: Foul Ball, location: 2F
0-2: Ball
1-2: Strikes out swinging
Batting: RHB Pablo Lucero 0-0: Ball
1-0: Ball
2-0: Called Strike
2-1: SOLO HOME RUN (Flyball, 8RXD), Distance : 418 ft
Batting: RHB Lorenzo Morín 0-0: Ground out 6-3 (Groundball, 6)
Bottom of the 6th over - 1 run(s), 1 hit(s), 0 error(s), 0 left on base; Spokane 6 - Walla Walla 1
TOP OF THE 7TH
Spokane Trappers batting - Pitching for Walla Walla All-Stars : RHP Carlos Hendrix
Batting: RHB Clyde Kelley 0-0: Ball
1-0: Ball
2-0: Called Strike
2-1: Foul Ball, location: 2F
2-2: SINGLE (Line Drive, 9LM)
Batting: RHB Mario Hernández 0-0: Ground out 6-3 (Groundball, 6M)
Clyde Kelley to second
Batting: RHB Toru Nakanishi 0-0: Called Strike
0-1: Ball
1-1: Called Strike
1-2: Ball
2-2: Ball
3-2: Foul Ball, location: 2F
3-2: Foul Ball, location: 2F
3-2: Foul Ball, location: 2F
3-2: Base on Balls
Batting: LHB Pete Carter 0-0: Grounds into double play, U4-3 (Groundball, 4M)
Top of the 7th over - 0 run(s), 1 hit(s), 0 error(s), 1 left on base; Spokane 6 - Walla Walla 1
BOTTOM OF THE 7TH
Walla Walla All-Stars batting - Pitching for Spokane Trappers : RHP Edgardo Martínez
Batting: RHB Claudio Guerra 0-0: Ball
1-0: Ground out 4-3 (Groundball, 4)
Batting: SHB Clinton Watson 0-0: Ball
1-0: Fly out, F7 (Flyball, 7S)
Batting: RHB Daniel Guerrero 0-0: Called Strike
0-1: Called Strike
0-2: Ball
1-2: Ball
2-2: Ground out 6-3 (Groundball, 6)
Bottom of the 7th over - 0 run(s), 0 hit(s), 0 error(s), 0 left on base; Spokane 6 - Walla Walla 1
TOP OF THE 8TH
Spokane Trappers batting - Pitching for Walla Walla All-Stars : RHP Carlos Hendrix
Pitching: RHP León Trevino
Batting: RHB Guy Miller 0-0: Swinging Strike
0-1: Ball
1-1: Foul Ball, location: 2F
1-2: Ball
2-2: Ground out 6-3 (Groundball, 6)
Batting: LHB Keith Browne 0-0: Foul Ball, location: 2F
0-1: Ball
1-1: Ball
2-1: Called Strike
2-2: Ball
3-2: SINGLE (Line Drive, 78S)
Batting: RHB Hyo-sang Yu 0-0: Ball
1-0: Foul Ball, location: 2F
1-1: Foul Ball, location: 2F
1-2: Strikes out swinging
Batting: LHB Juan Cortés 0-0: Foul Ball, location: 2F
0-1: Foul Ball, location: 2F
0-2: Ball
1-2: 2-RUN HOME RUN (Flyball, 89XD), Distance : 426 ft
Batting: RHB Ernesto Acosta 0-0: Ground out 6-3 (Groundball, 6)
Top of the 8th over - 2 run(s), 2 hit(s), 0 error(s), 0 left on base; Spokane 8 - Walla Walla 1
BOTTOM OF THE 8TH
Walla Walla All-Stars batting - Pitching for Spokane Trappers : RHP Edgardo Martínez
Batting: RHB Santiago Vallés 0-0: Ground out 6-3 (Groundball, 6)
Batting: RHB Pablo Castillo 0-0: Called Strike
0-1: Swinging Strike
0-2: Foul Ball, location: 2F
0-2: Ball
1-2: Foul Ball, location: 2F
1-2: Ball
2-2: Ground out 4-3 (Groundball, 4)
Batting: LHB Bob Martin 0-0: Ball
1-0: Ball
2-0: Called Strike
2-1: Swinging Strike
2-2: Ground out 6-3 (Groundball, 6M)
Bottom of the 8th over - 0 run(s), 0 hit(s), 0 error(s), 0 left on base; Spokane 8 - Walla Walla 1
TOP OF THE 9TH
Spokane Trappers batting - Pitching for Walla Walla All-Stars : RHP León Trevino
Pinch Hitting: SHB António Hinojosa 0-0: Ball
1-0: Ball
2-0: Called Strike
2-1: Ball
3-1: Base on Balls
Batting: RHB Mario Hernández 0-0: Ball
1-0: Ball
2-0: Sac Bunt - play at second, runner OUT! 2-6
Batting: RHB Toru Nakanishi 0-0: Ball
1-0: Swinging Strike
1-1: Foul Ball, location: 2F
1-2: Ball
2-2: Strikes out swinging
Batting: LHB Pete Carter 0-0: Ball
1-0: Ball
2-0: Called Strike
2-1: Called Strike
2-2: Strikes out looking
Top of the 9th over - 0 run(s), 0 hit(s), 0 error(s), 1 left on base; Spokane 8 - Walla Walla 1
BOTTOM OF THE 9TH
Walla Walla All-Stars batting - Pitching for Spokane Trappers : RHP Edgardo Martínez
Now at 2B: Jaime Padilla
Batting: LHB Mike Young 0-0: Called Strike
0-1: Ball
1-1: Called Strike
1-2: Ball
2-2: Foul Ball, location: 2F
2-2: Foul Ball, location: 2F
2-2: Foul Ball, location: 2F
2-2: Foul Ball, location: 2F
2-2: Ball
3-2: Ground out 4-3 (Groundball, 4)
Pitching: LHP Miguel Martínez
Batting: RHB Pablo Lucero 0-0: Called Strike
0-1: Foul Ball, location: 2F
0-2: Ball
1-2: Ball
2-2: Strikes out swinging
Batting: RHB Lorenzo Morín 0-0: Ball
1-0: Fly out, F3 (Popup, 3)
Bottom of the 9th over - 0 run(s), 0 hit(s), 0 error(s), 0 left on base; Spokane 8 - Walla Walla 1
This league is powered by Out of the Park Baseball, the baseball management simulation game for PC, Mac and Linux
Wednesday, December 2nd, 2015 - OOTP Baseball 16.8 Build 38